 Dungeon Crawl Stone Soup version 0.30-a0-591-g3c58d2bc28 (webtiles) character file.

Game seed: 16934424436764456791

7 sokol815 the Sneak (level 2, -1/16 HPs)
             Began as a Vine Stalker Delver on Jan 5, 2023.
             Slain by a black bear (4 damage)
             ... on level 4 of the Dungeon.
             The game lasted 00:00:45 (188 turns).

sokol815 the Sneak (Vine Stalker Delver)             Turns: 188, Time: 00:00:46

Health: -1/16      AC:  5    Str: 14    XL:     2   Next: 0%
Magic:  0/3        EV: 10    Int: 10    God:
Gold:   11         SH:  0    Dex: 15    Spells: 1/1 levels left

rFire   . . .      SeeInvis .    a - +0 hand axe
rCold   . . .      Faith    .    (no shield)
rNeg    . . .      Spirit   +    e - +0 ring mail
rPois   .          Reflect  .    (no helmet)
rElec   .          Harm     .    (no cloak)
rCorr   .          Rampage  .    (no gloves)
Will    .....                    (no boots)
Stlth   +++                      (no amulet)
HPRegen 0.22/turn                (no ring)
MPRegen 0.08/turn                (no ring)

@: hasted, very quick
A: fangs 2, magic shield, antimagic bite, no potion heal 2
a: no special abilities


You were on level 4 of the Dungeon.
You visited 2 branches of the dungeon, and saw 3 of its levels.

You collected 11 gold pieces.

Inventory:

Hand Weapons
 a - a +0 hand axe (weapon)
Armour
 b - a +0 leather armour
 e - a +0 ring mail (worn)
   (You found it on level 5 of the Dungeon)
Wands
 d - a wand of digging (3)
Scrolls
 c - a scroll of fog
 E - a scroll of fear
 X - a scroll of magic mapping {@r4!r}


   Skills:
 - Level 2.6 Fighting
 + Level 2.4 Axes
 - Level 1.5 Dodging
 - Level 6.0 Stealth


You had one spell level left.
You didn't know any spells.
Your spell library was empty.

Dungeon Overview and Level Annotations

Branches:
Dungeon (5/15) Zot: 11910  Temple (1/1) D:4 Zot: 5899

Altars:
Elyvilon
Fedhas
Gozag
Hepliaklqana
Kikubaaqudgha
Makhleb
Nemelex Xobeh
Okawaru
Qazlal
Trog
Uskayaw
Xom
Yredelemnul
The Shining One


Innate Abilities, Weirdness & Mutations

You have extremely sharp teeth.
When hurt, damage is shared between your health and your magic reserves.
Your bite disrupts and absorbs the magic of your enemies.
Potions cannot restore your health.


Message History

You start putting on your armour.
You continue putting on your +0 ring mail. x5
You finish putting on your +0 ring mail.
(D) Dungeon
Where to? (? - help) Sorry, I don't know how to get there.
There is an escape hatch in the ceiling here.
A mysterious force pulls you upwards. The hatch slams shut behind you.
A ball python comes into view.
The ball python moves out of view.
You throw a stone. The ball python hisses angrily.
The stone hits the ball python.
The ball python closely misses you. The ball python grabs you.
The ball python constricts you.
You barely miss the ball python. Your bite misses the ball python.
The ball python bites you but does no damage.
The ball python constricts you.
You take 1 damage, and have 10/11 hp.
You barely miss the ball python.
The ball python bites you but does no damage.
The ball python constricts you. The ball python barely misses you.
The ball python constricts you.
You take 1 damage, and have 9/11 hp.
You closely miss the ball python. Your bite misses the ball python.
The ball python bites you but does no damage.
The ball python constricts you.
You now have 1/2 mp.
You barely miss the ball python. The ball python closely misses you.
The ball python constricts you.
You hit the ball python.
You kill the ball python!
You have reached level 2!
You regained 5 hp, and now have 15/16 hp.
Found a staircase to the Ecumenical Temple.
Health restored: 16 An endoplasm and a black bear come into view.
The black bear growls angrily.
There is a staircase to the Ecumenical Temple here.
You climb downwards.
Welcome to the Ecumenical Temple!
There is a staircase back to the Dungeon here.
Found a glowing golden altar of the Shining One.
MP restored: 3
Found an iron altar of Okawaru.
Found a hide-covered altar of Uskayaw.
Found a basalt altar of Yredelemnul.
Found a stormy altar of Qazlal and a bloodstained altar of Trog.
Found a white marble altar of Elyvilon.
Found a shimmering altar of Xom.
Found a blossoming altar of Fedhas.
Found an ancient bone altar of Kikubaaqudgha.
Found an opulent altar of Gozag.
Found a sparkling altar of Nemelex Xobeh.
Found a hazy altar of Hepliaklqana.
Found a burning altar of Makhleb.
There is an opulent altar of Gozag here.
You kneel at the altar of Gozag.
Gozag does not accept service from beggars like you!
The service fee for joining is currently 31 gold; you only have 11.
(D) Dungeon (T) Temple
Where to? (Enter - D:4, ? - help)
There is a staircase back to the Dungeon here.
You climb upwards.
The endoplasm hits you but does no damage.
The black bear barely misses you. The black bear claws you.
The black bear closely misses you.
There is a staircase to the Ecumenical Temple, spattered with blood here.
You take 3 damage, and have 13/16 hp.
You feel yourself speed up. The endoplasm barely misses you.
The black bear closely misses you.
The black bear claws you but does no damage. x2
You hit the black bear. You hit the endoplasm. The endoplasm hits you.
The black bear closely misses you. The black bear claws you.
The black bear claws you but does no damage.
You take 1 damage, and have 12/16 hp.
You now have 2/3 mp.
You closely miss the black bear.
You bite the black bear, but do no damage.
You hit the endoplasm but do no damage. The endoplasm barely misses you.
The black bear bites you. The black bear claws you. x2
You take 5 damage, and have 7/16 hp.
MASSIVE DAMAGE!!
You now have 1/3 mp.
You hit the black bear. You bite the black bear. You drain its power.
You feel invigorated.
You completely miss the endoplasm.
MP restored: 3 You hit the black bear.
Your bite misses the black bear. You barely miss the endoplasm.
The endoplasm closely misses you. The black bear bites you.
The black bear claws you.
* * * LOW HITPOINT WARNING * * *
The black bear claws you.
* * * LOW HITPOINT WARNING * * *
You take 4 damage, and have 3/16 hp.
MASSIVE DAMAGE!!
You now have 0/3 mp.
You hit the black bear but do no damage.
You hit the endoplasm.
You kill the endoplasm!
The black bear bites you.
You die...

#........†..)...
#?..##....#...##
.#.....##.#.....
#.##.......##?#
.....#..##....#$
#.##.#.....#....
........##.#.#..
#..#.##h.....# .
# #....@.##...
....?##......##
#.## ...##.#....
..##.. .# ##. #.
..# . # #..# #.
.... .. ..## [.


You could see a black bear.

Vanquished Creatures
  An ufetubus (D:5)
  A ball python (D:4)
  An endoplasm (D:4)
3 creatures vanquished.

Notes
Turn   | Place    | Note
-------+----------+-------------------------------------------
     0 | D:5      | sokol815 the Vine Stalker Delver began the quest for the
                  | Orb.
     0 | D:5      | Reached XP level 1. HP: 11/11 MP: 2/2
    21 | D:5      | Reached skill level 2 in Axes
    72 | D:4      | Reached XP level 2. HP: 15/16 MP: 1/3
    74 | D:4      | Found a staircase to the Ecumenical Temple.
    78 | D:4      | Noticed a black bear
    81 | Temple   | Entered the Ecumenical Temple
   187 | D:4      | HP: 4/16 [black bear (2)]
   188 | D:4      | Slain by a black bear

Illustrated notes

Levels and vault maps discovered:
D:4:      layout_rooms, cheibriados_altar_1, minmay_temple_entry_ruins,
          serial_shops, nicolae_stop_n_shop_1, shop, nicolae_shop_hallway_plus,
          shop, nrook_mini_backslash, interstate_on_off,
          kennysheep_generic_room_14
D:5:      layout_basic, mainiacjoe_overflow_24_doors, serial_shops, shop
Temple:   jpeg_temple_clearing

Skill      XL: |  1 |
---------------+----+-----
Axes           | 2 |  2.4
Fighting       | |  2.6
Dodging        | |  1.5
Stealth        | |  6.0

Action                   || total
-------------------------++-------
Melee: Hand axe          ||    12
       Bite              ||     2
Throw: Stone             ||     5
  Use: Potion            ||     1
Armor: Ring mail         ||     7
       Leather armour    ||     3
Dodge: Dodged            ||    10

Table legend: (Time is in decaauts)
 A = Elapsed time spent in this place.
 B = Non-inter-level travel time spent in this place.
 C = Inter-level travel time spent in this place.
 D = Time resting spent in this place.
 E = Time spent auto-exploring this place.
 F = Levels seen in this place.
 G = Mean time per level.
                   A        B        C        D        E       F      G
               +--------+--------+--------+--------+--------+-----+--------+
         Total |    189 |    173 |     16 |      0 |     92 |   3 |   63.0 |
       Dungeon |     88 |     88 |      0 |      0 |     23 |   2 |   44.0 |
        Temple |    100 |     84 |     16 |      0 |     69 |   1 |  100.0 |
               +--------+--------+--------+--------+--------+-----+--------+

Top non-repeatable levels by time:
  Temple: 100 daAuts
     D:5: 51 daAuts
     D:4: 36 daAuts

Table legend:
 A = Kills in this place as a percentage of kills in entire the game.
 B = Kills by you in this place as a percentage of kills by you in the entire game.
 C = Kills by friends in this place as a percentage of kills by friends in the entire game.
 D = Other kills in this place as a percentage of other kills in the entire game.
 E = Experience gained in this place as a percentage of experience gained in the entire game.
 F = Experience gained in this place divided by the number of levels of this place that you have seen.
                   A       B       C       D       E      F
               +-------+-------+-------+-------+-------+----------------------
         Total | 100.0 | 100.0 |   N/A |   N/A | 100.0 |   4.0
       Dungeon | 100.0 | 100.0 |   N/A |   N/A | 100.0 |   6.0
               +-------+-------+-------+-------+-------+----------------------
